 Dungeon Crawl Stone Soup version 0.30.1-11-g7821555f0a (webtiles) character file.

Game seed: 59763461645466651

68 growler the Gusty (level 4, -4/24 HPs)
             Began as a Tengu Air Elementalist on Oct 27, 2023.
             Slain by a sky beast (5 damage)
             ... on level 3 of the Dungeon.
             The game lasted 00:04:43 (2461 turns).

growler the Gusty (Tengu Air Elementalist)          Turns: 2461, Time: 00:04:44

Health: -4/24      AC:  2    Str:  8    XL:     4   Next: 19%
Magic:  5/9        EV: 12    Int: 18    God:
Gold:   170        SH:  0    Dex: 14    Spells: 2/8 levels left

rFire   . . .        q - +1 dagger (venom)
rCold   . . .        (no shield)
rNeg    . . .        a - +0 robe
rPois   .            (helmet restricted)
rElec   .            (no cloak)
rCorr   .            (no gloves)
SInv    .            (boots unavailable)
Will    .....        (no amulet)
Stlth   ++           (no ring)
HPRegen 0.24/turn    (no ring)
MPRegen 0.11/turn

%: no passive effects
@: no status effects
A: beak, talons 3
a: no special abilities


You were on level 3 of the Dungeon.
You visited 1 branch of the dungeon, and saw 3 of its levels.

You collected 170 gold pieces.

Inventory:

Hand Weapons
 q - a +1 dagger of venom (weapon)
Armour
 a - a +0 robe (worn)
Scrolls
 c - a scroll of enchant armour {unknown}
 d - a scroll of enchant weapon {unknown}
 f - 2 scrolls of acquirement {unknown}
 g - a scroll of summoning {unknown}
 j - 2 scrolls of teleportation {unknown}
 m - a scroll of identify {unknown}
Potions
 b - a potion of magic
 e - 2 potions of flight {unknown}
 h - 2 potions of ambrosia {unknown}
 i - a potion of cancellation {unknown}
 k - a potion of might {unknown}
 l - a potion of mutation {unknown}
 o - 2 potions of curing {unknown}
 p - a potion of heal wounds {unknown}


   Skills:
 - Level 2.1 Dodging
 - Level 2.0 Stealth
 + Level 2.8 Spellcasting
 + Level 3.1 Conjurations
 + Level 5.0 Air Magic


You had 2 spell levels left.
You knew the following spells:

 Your Spells              Type           Power      Damage    Failure   Level
a - Shock                 Conj/Air       68%        1d7       3%          1
b - Static Discharge      Conj/Air       34%        2-4/arc   4%          2
c - Swiftness             Air            20%        N/A       6%          3

Your spell library contained the following spells:

 Spells                   Type           Power      Damage    Failure   Level
 Airstrike                Air            10%        2d(2-18)  22%         4


Dungeon Overview and Level Annotations

Branches:
Dungeon (3/15)

Altars:


Innate Abilities, Weirdness & Mutations

You have a beak for a mouth.
You have claws for feet.


Message History

You hit the orc.
The orc is severely wounded.
The orc closely misses you.
Casting: Shock (safe; 3% risk of failure)
Confirm with . or Enter, or press ? or * to list all spells.
The orc is struck by an arc of lightning.
You kill the orc!
You are struck by an arc of lightning.
A sky beast appears from thin air!
Reactivating autopickup.
Unknown command.
You hit the orc but do no damage.
The orc is poisoned.
You claw the orc.
The orc is heavily wounded.
The orc barely misses you.
You closely miss the sky beast. Your kick misses the sky beast.
You kill the orc!
The sky beast hits you. The sky beast shocks you.
You closely miss the sky beast.
You claw the sky beast, but do no damage.
You peck the sky beast, but do no damage.
The sky beast hits you. The sky beast shocks you.
The orc hits you with a +0 short sword.
* * * LOW HITPOINT WARNING * * *
Unknown command.
Casting: Static Discharge (safe; 4% risk of failure)
Confirm with . or Enter, or press ? or * to list all spells.
You don't know that spell.
Unknown command.
You hit the orc.
The orc is poisoned.
Your kick misses the orc.
The orc is heavily wounded.
The sky beast misses you. The orc barely misses you.
Casting: Static Discharge (safe; 4% risk of failure)
Confirm with . or Enter, or press ? or * to list all spells.
The orc is struck by an arc of lightning.
You kill the orc!
You are struck by an arc of lightning.
* * * LOW HITPOINT WARNING * * *
The sky beast hits you.
* * * LOW HITPOINT WARNING * * *
The sky beast shocks you.
You die...

#.###.# #.#
#.....# #.#
######.# #.#
#....{.#
####.####
#.####.#
#..>....# #.#
#.# #.##.##.#
#.# #.#
#.##.##.# #Y#
#.###.##..#.#
#@#
#......##.#.#
#)#
#####).##.#.#
..# #.......#
....
.....##.###
.....
#######.#
....##. #.#
..... # #.#
##[#.. #.#
#.#


You could see a sky beast.

Vanquished Creatures
  2 worms (D:2)
  3 orcs (D:3)
  7 ball pythons
  3 endoplasms
  4 giant cockroaches
  6 goblins
  5 hobgoblins
  5 jackals (D:1)
  2 quokkas
  3 bats
  4 frilled lizards
  7 kobolds
  5 rats
56 creatures vanquished.

Notes
Turn   | Place    | Note
-------+----------+-------------------------------------------
     0 | D:1      | growler the Tengu Air Elementalist began the quest for the
                  | Orb.
     0 | D:1      | Reached XP level 1. HP: 10/10 MP: 4/4
   187 | D:1      | Reached XP level 2. HP: 13/15 MP: 0/6
   194 | D:1      | Learned a level 2 spell: Static Discharge
   416 | D:1      | Found a faded altar of an unknown god.
   785 | D:1      | Reached XP level 3. HP: 19/19 MP: 3/7
   789 | D:1      | Learned a level 3 spell: Swiftness
  2103 | D:2      | Reached XP level 4. HP: 24/24 MP: 7/9
  2372 | D:3      | Reached skill level 5 in Air Magic
  2431 | D:3      | Noticed a sky beast
  2461 | D:3      | HP: 1/24 [sky beast (2)]
  2461 | D:3      | Slain by a sky beast

Illustrated notes

Levels and vault maps discovered:
D:1:      co_arrival_random_square_maze, layout_basic,
          dreamdust_ecumenical_altar_statues
D:2:      layout_rooms, minmay_pentomino_s2
D:3:      layout_loops_ring, gammafunk_temple_overflow_pools,
          gammafunk_ghost_arena, portal_sewer_entry_d, reono_crystal_passage,
          minmay_misc_feat_pillars, roderic_malta_cross, uniq_grinder

Skill      XL: |  1  2  3  4 |
---------------+-------------+-----
Conjurations   | 2 3 |  3.1
Air Magic      | 5 |  5.0
Dodging        | |  2.1
Stealth        | |  2.0
Spellcasting   | |  2.8

Action                     |  1- 3 |  4- 6 || total
---------------------------+-------+-------++-------
  Melee: Unarmed           |    16 |       ||    16
         Kick              |     3 |     2 ||     5
         Peck              |     3 |     1 ||     4
         Dagger            |       |     5 ||     5
   Cast: Shock             |    92 |     8 ||   100
         Static Discharge  |     2 |     2 ||     4
 Armour: Robe              |     7 |       ||     7
  Dodge: Dodged            |    13 |     6 ||    19
